 Dungeon Crawl Stone Soup version 0.31-a0-360-gb3e1d13bf4 (webtiles) character file.

Game seed: 16726893312557964937

3451 pokeman the Thaumaturge (level 9, -6/48 (49) HPs)
             Began as a Deep Elf Hedge Wizard on July 26, 2023.
             Was a Follower of Vehumet.
             Shot with a sling bullet by Joseph (10 damage)
             ... on level 7 of the Dungeon on July 27, 2023.
             The game lasted 00:19:08 (8353 turns).

pokeman the Thaumaturge (Deep Elf Hedge Wizard)     Turns: 8353, Time: 00:19:08

HP:   -6/48 (49)    AC: 10    Str:  7    XL:     9   Next: 78%
MP:   5/27          EV: 13    Int: 27    God:    Vehumet [*.....]
Gold: 103           SH:  0    Dex: 14    Spells: 24/32 levels left

rFire   . . .        o - +2 whip (venom)
rCold   . . .        (no shield)
rNeg    + . .        v - +1 robe of Jatus {rN+ Int+3}
rPois   +            I - +0 helmet
rElec   .            G - +2 cloak {rPois}
rCorr   .            (no gloves)
SInv    +            E - +2 pair of boots
Will    .....        c - amulet of the acrobat
Stlth   ++           n - ring of see invisible
HPRegen 0.28/turn    t - ring of poison resistance
MPRegen 0.20/turn

%: acrobat
@: on blink cooldown, very slightly contaminated, lightly drained
A: no striking features
a: Renounce Religion


You were on level 7 of the Dungeon.
You worshipped Vehumet.
Vehumet was aware of your devotion.
You visited 2 branches of the dungeon, and saw 8 of its levels.

You collected 355 gold pieces.
You spent 252 gold pieces at shops.

Inventory:

Hand Weapons
 o - a +2 whip of venom (weapon)
 F - a +3 quarterstaff of chaos
Missiles
 q - a throwing net
Armour
 l - a +2 buckler
 v - the +1 robe of Jatus (worn) {rN+ Int+3}
   (You found it on level 3 of the Dungeon)

   Int:       It affects your intelligence (+3).
   rN:        It protects you from negative energy.
 E - a +2 pair of boots (worn)
 G - a +2 cloak of poison resistance (worn)
 I - a +0 helmet (worn)
Magical Staves
 u - a staff of earth
Jewellery
 c - an amulet of the acrobat (around neck)
 n - a ring of see invisible (left hand)
 t - a ring of poison resistance (right hand)
 D - a ring of resist corrosion
Wands
 y - a wand of iceblast (6)
 C - a wand of polymorph (7)
 H - a wand of paralysis (4)
Scrolls
 e - 6 scrolls of identify {unknown}
 h - a scroll of immolation {unknown}
 i - a scroll of silence {unknown}
 m - 2 scrolls of enchant weapon {unknown}
 w - a scroll of revelation {unknown}
Potions
 a - 6 potions of heal wounds
 b - a potion of ambrosia {unknown}
 d - a potion of magic
 f - 2 potions of might {unknown}
 g - 2 potions of degeneration {unknown}
 j - 4 potions of curing
 k - 3 potions of lignification {unknown}
 p - a potion of invisibility {unknown}
 r - a potion of attraction {unknown}
 s - a potion of enlightenment {unknown}
 x - a potion of resistance {unknown}
 z - 2 potions of berserk rage {unknown}
 A - a potion of haste {unknown}
 B - a potion of mutation {unknown}


   Skills:
 - Level 2.4 Fighting
 + Level 2.4 Armour
 - Level 3.0 Dodging
 - Level 3.3 Stealth
 - Level 3.0 Shields
 * Level 12.3 Spellcasting
 + Level 6.8 Conjurations
 - Level 1.1 Summonings
 - Level 1.1 Translocations
 - Level 1.0 Air Magic
 + Level 5.8 Earth Magic
 - Level 1.0 Poison Magic
 - Level 1.1 Evocations


You had 24 spell levels left.
You knew the following spells:

 Your Spells              Type           Power      Damage    Failure   Level
a - Magic Dart            Conj           100%       1d8       1%          1
b - Mephitic Cloud        Conj/Pois/Air  32%        N/A       3%          3
c - Call Imp              Summ           44%        N/A       3%          2
d - Blink                 Tloc           44%        N/A       3%          2

Your spell library contained the following spells:

 Spells                   Type           Power      Damage    Failure   Level
 Sandblast                Erth           96%        2d20      1%          1
 Slow                     Hex            64%        N/A       3%          1
 Cigotuvi's Dreadful Rot  Necr/Pois/Air  40%        N/A       3%          2
 Ensorcelled Hibernation  Hex/Ice        32%        N/A       5%          2
 Gell's Gravitas          Tloc           22%        N/A       6%          3
 Teleport Other           Tloc           22%        N/A       6%          3
 Anguish                  Hex/Necr       8%         N/A       34%         4
 Dispersal                Tloc           11%        N/A       97%         6


Dungeon Overview and Level Annotations

Branches:
Dungeon (7/15)             Temple (1/1) D:5

Altars:
Ashenzari
Elyvilon
Fedhas
Gozag
Hepliaklqana
Kikubaaqudgha
Makhleb
Nemelex Xobeh
Okawaru
Qazlal
Ru
Sif Muna
Trog
Vehumet
Wu Jian
Xom
Yredelemnul
Zin
The Shining One

Shops:
D:4 (   D:6 !

Annotations:
D:7 Joseph


Message History

The gnoll barely misses the scorpion.
Unknown command.
You hit the gnoll.
The gnoll looks as sick as possible!
The gnoll is heavily wounded.
The +1 spectral quarterstaff closely misses you.
The scorpion is engulfed in noxious fumes.
The scorpion stings the bullfrog.
Joseph hits you with a +1 spectral quarterstaff!
* * * LOW HITPOINT WARNING * * *
The +1 spectral quarterstaff hits you.
* * * LOW HITPOINT WARNING * * *
The sky beast is engulfed in noxious fumes.
The sky beast appears confused.
The sky beast hits Joseph but does no damage.
The gnoll hits the scorpion with a +0 flail.
The scorpion is killed!
Vehumet accepts your kill.
Casting: Mephitic Cloud (dangerous; 3% risk of failure)
Confirm with . or Enter, or press ? or * to list all spells.
You blink.
Joseph unwields a +1 spectral quarterstaff.
The +1 spectral quarterstaff disappears.
Joseph wields a +0 sling.
Joseph shoots a sling bullet.
The sling bullet hits you but does no damage.
The sky beast is engulfed in noxious fumes.
The sky beast appears confused.
The sky beast flickers out of sight for a moment.
Unknown command.
Casting: Blink (safe; 3% risk of failure)
Confirm with . or Enter, or press ? or * to list all spells.
Aiming: Mephitic Cloud (dangerous; 3% risk of failure)
Press: ? - help, Shift-Dir - straight line, f - gnoll
Aim: a gnoll, wielding a +0 spear (almost dead, confused, extremely poisoned, chance to affect: 91%)
You miscast Mephitic Cloud.
You are very lightly contaminated with residual magic.
Nothing appears to happen.
You kill the gnoll!
Vehumet accepts your kill.
Joseph shoots a sling bullet.
The sling bullet hits you!
You die...

..## . #... ..
#...# ... ....#
...... ...#
##.....###...#
#............#
#........@...#
#........####
##....°..^..#
......Y...##
.......Y.○g<.F.#
.........g@†...#
.......#..))..##
.....##.....!.#
......#......##


You could see Joseph, 2 sky beasts, a bullfrog and 2 gnolls.

Vanquished Creatures
  A two-headed ogre (D:6)
  Pikel (D:5)
  3 yaks
  Eustachio (D:5)
  Edmund (D:5)
  A water moccasin (D:5)
  A black bear (D:5)
  2 ogres (D:6)
  A centaur (D:5)
  3 lemures (D:5)
  3 gnoll sergeants
  2 scorpions
  A bullfrog (D:7)
  A wight (D:6)
  A hound (D:6)
  2 quasits (D:6)
  A jelly (D:5)
  Crazy Yiuf (D:5)
  A sleepcap (D:5)
  2 gnoll boudas
  An iguana (D:5)
  3 orc wizards
  9 adders
  20 gnolls
  5 shadow imps (D:6)
  3 white imps
  2 worms
  4 dart slugs
  18 orcs
  9 ball pythons
  4 bats
  10 endoplasms
  17 goblins
  5 hobgoblins
  4 jackals (D:2)
  A quokka (D:5)
  2 frilled lizards
  5 kobolds
  4 rats
156 creatures vanquished.

Vanquished Creatures (collateral kills)
  A howler monkey (D:5)
1 creature vanquished.

Vanquished Creatures (others)
  A sky beast (D:7)
1 creature vanquished.

Grand Total: 158 creatures vanquished

Notes
Turn   | Place    | Note
-------+----------+-------------------------------------------
     0 | D:1      | pokeman the Deep Elf Hedge Wizard began the quest for the
                  | Orb.
     0 | D:1      | Reached XP level 1. HP: 10/10 MP: 7/7
   194 | D:1      | Reached XP level 2. HP: 16/16 MP: 5/9
   424 | D:1      | Found a faded altar of an unknown god.
   902 | D:1      | Reached skill level 5 in Spellcasting
  1133 | D:1      | Reached XP level 3. HP: 20/20 MP: 8/11
  1137 | D:1      | Learned a level 3 spell: Mephitic Cloud
  1140 | D:1      | Learned a level 2 spell: Call Imp
  1143 | D:1      | Learned a level 2 spell: Blink
  1866 | D:2      | Reached skill level 1 in Armour
  1879 | D:2      | Reached skill level 1 in Fighting
  1939 | D:2      | Reached XP level 4. HP: 21/25 MP: 4/13
  2994 | D:3      | Identified the +1 robe of Jatus {rN+ Int+3}
  3004 | D:3      | Reached skill level 6 in Spellcasting
  3137 | D:3      | Reached XP level 5. HP: 29/29 MP: 10/15
  3309 | D:3      | You fall into a shaft and drop 3 floors!
  3329 | D:5      | Entered Level 5 of the Dungeon
  3330 | D:5      | Noticed Edmund
  3339 | D:5      | Found an ancient bone altar of Kikubaaqudgha.
  3350 | D:5      | Reached skill level 1 in Shields
  3355 | D:5      | Killed Edmund
  3356 | D:5      | Reached skill level 1 in Evocations
  3356 | D:5      | Reached XP level 6. HP: 7/34 MP: 8/17
  3550 | D:5      | Found an opulent altar of Gozag.
  3605 | D:5      | Reached skill level 7 in Spellcasting
  3737 | D:4      | Found Vozacw's Weapon Boutique.
  4161 | D:3      | Reached skill level 1 in Earth Magic
  4170 | D:3      | Reached skill level 1 in Poison Magic
  4176 | D:3      | Reached skill level 1 in Air Magic
  4835 | D:4      | Reached XP level 7. HP: 13/38 MP: 11/20
  5674 | D:5      | Noticed Pikel
  5687 | D:5      | Killed Pikel
  5688 | D:5      | Reached skill level 9 in Spellcasting
  5688 | D:5      | Reached XP level 8. HP: 38/45 MP: 20/23
  5928 | D:5      | Noticed Eustachio
  5945 | D:5      | Killed Eustachio
  5946 | D:5      | Reached skill level 5 in Conjurations
  5983 | D:5      | Found a sparkling altar of Nemelex Xobeh.
  5993 | D:5      | Found a glowing golden altar of the Shining One.
  5997 | D:5      | Found a bloodstained altar of Trog.
  6107 | D:5      | Found a staircase to the Ecumenical Temple.
  6114 | Temple   | Entered the Ecumenical Temple
  6123 | Temple   | Became a worshipper of Vehumet
  6145 | D:5      | Found a runed translucent door.
  6146 | D:5      | Noticed Crazy Yiuf
  6163 | D:5      | Killed Crazy Yiuf
  6537 | D:5      | Reached skill level 10 in Spellcasting
  6567 | D:6      | Noticed a two-headed ogre
  6830 | D:6      | Reached XP level 9. HP: 31/49 MP: 14/25
  6855 | D:6      | Reached * piety under Vehumet
  6855 | D:6      | Offered knowledge of Sandblast by Vehumet.
  7097 | D:6      | Killed a two-headed ogre
  7098 | D:6      | Reached skill level 11 in Spellcasting
  7098 | D:6      | Reached skill level 5 in Earth Magic
  7285 | D:6      | Found Ajak's Distillery.
  7310 | D:6      | Bought a potion of curing for 36 gold pieces
  7310 | D:6      | Bought a potion of heal wounds for 60 gold pieces
  7310 | D:6      | Bought a potion of curing for 36 gold pieces
  7310 | D:6      | Bought a potion of heal wounds for 60 gold pieces
  7310 | D:6      | Bought a potion of heal wounds for 60 gold pieces
  7672 | D:6      | Reached skill level 12 in Spellcasting
  7705 | D:6      | Found an iron altar of Okawaru.
  8044 | D:7      | Noticed Joseph
  8353 | D:7      | Shot with a sling bullet by Joseph

Illustrated notes

Levels and vault maps discovered:
D:1:      amcnicky_arrival_wind_blow, layout_loops_corners,
          shapermc_ecumenical_altar_pompeii, serial_bayou_crossing
D:2:      layout_rooms, minmay_crystal_water
D:3:      layout_basic, minmay_goblin_outpost
D:4:      layout_layer_cave, serial_shops, nicolae_shop_statue_plus
D:5:      wander_river, layout_loops_ring, minmay_overflow_temple_star_quad,
          mainiacjoe_overflow_large_starburst, temple_green,
          minmay_splitting_lines, nrook_mini_backslash, bh_walls_and_bars,
          uniq_eustachio, uniq_pikel, uniq_edmund, uniq_crazy_yiuf_cottage
D:6:      layout_basic, mainiacjoe_overflow_tiny_flanked, serial_demonic,
          serial_demonic_c, serial_demonic_a, serial_demonic_d,
          serial_demonic_f, serial_demonic_a, serial_shops, shop
D:7:      layout_cave_pools, dancing_weapons_uskayaw, uniq_joseph
Temple:   nicolae_temple_ecumenical_triangle

Skill      XL: |  1  2  3  4  5  6  7  8  9 |
---------------+----------------------------+-----
Spellcasting   | 5 6 7 9 10 12 | 12.3
Armour         | 1 2 |  2.4
Fighting       | 1 2 |  2.4
Conjurations   | 2 3 4 5 6 |  6.8
Dodging        | 3 |  3.0
Shields        | 1 3 |  3.0
Stealth        | 3 |  3.3
Evocations     | 1 |  1.1
Earth Magic    | 1 3 4 5 |  5.8
Poison Magic   | 1 |  1.0
Air Magic      | 1 |  1.0
Summonings     | |  1.1
Translocations | |  1.1

Action                     |  1- 3 |  4- 6 |  7- 9 || total
---------------------------+-------+-------+-------++-------
  Melee: Whip              |    22 |    32 |   139 ||   193
         Dagger            |     3 |       |       ||     3
         Punch             |       |       |     4 ||     4
   Cast: Magic Dart        |    91 |   115 |   133 ||   339
         Mephitic Cloud    |     1 |    10 |    41 ||    52
         Call Imp          |       |       |     7 ||     7
         Blink             |       |       |     7 ||     7
  Evoke: Wand              |       |       |     2 ||     2
   Stab: Confused          |     2 |     4 |    10 ||    16
 Armour: Robe              |     4 |     2 |    55 ||    61
  Dodge: Dodged            |    30 |    18 |   115 ||   163

Table legend: (Time is in decaauts)
 A = Elapsed time spent in this place.
 B = Non-inter-level travel time spent in this place.
 C = Inter-level travel time spent in this place.
 D = Time resting spent in this place.
 E = Time spent auto-exploring this place.
 F = Levels seen in this place.
 G = Mean time per level.
                   A        B        C        D        E       F      G
               +--------+--------+--------+--------+--------+-----+--------+
         Total |   8414 |   8018 |    396 |    548 |   6181 |   8 | 1051.8 |
       Dungeon |   8396 |   8008 |    388 |    548 |   6181 |   7 | 1199.4 |
        Temple |     18 |     10 |      8 |      0 |      0 |   1 |   18.0 |
               +--------+--------+--------+--------+--------+-----+--------+

Top non-repeatable levels by time:
     D:6: 1726 daAuts
     D:1: 1716 daAuts
     D:5: 1450 daAuts
     D:4: 1272 daAuts
     D:3: 1217 daAuts
     D:2: 967 daAuts
     D:7: 46 daAuts
  Temple: 18 daAuts
